[ PARTIDA AOE2 · #478588388 ]
UnrankedItalianos vs Koreans
[ ANÁLISIS DE REPETICIÓN · EXTRAÍDO DE LA PARTIDA GRABADA ]
Feudal
13:05
Castillos
16:35
Imperial
30:44
| APM promedio | 36.8 |
| APM pico | 67 |
| eAPM promedio | 26.0 |
| Aldeanos / militares | 181 / 346 |
Foco
⚔️ 43.7% · 🌾 56.3%
Scout Cavalry ×201 · Genoese Crossbowman ×137 · Trebuchet (Packed) ×4 · Monk ×2 · Bombard Cannon ×2
Feudal
13:39
Castillos
17:43
Imperial
36:45
| APM promedio | 52.6 |
| APM pico | 101 |
| eAPM promedio | 37.3 |
| Aldeanos / militares | 239 / 352 |
Foco
⚔️ 37.8% · 🌾 62.2%
Spearman ×300 · Unknown (882) ×172 · Battering Ram ×19 · Mangonel ×12 · Scorpion ×11 · Monk ×4
Feudal
13:53
Castillos
17:26
Imperial
32:10
| APM promedio | 28.8 |
| APM pico | 65 |
| eAPM promedio | 17.3 |
| Aldeanos / militares | 256 / 229 |
Foco
⚔️ 35.9% · 🌾 64.1%
Spearman ×131 · War Wagon ×45 · Iron Pagoda ×32 · Fire Lancer ×16 · Fishing Ship ×10 · Trade Cart ×3
Feudal
14:23
Castillos
18:20
Imperial
50:10
| APM promedio | 30.5 |
| APM pico | 93 |
| eAPM promedio | 21.9 |
| Aldeanos / militares | 315 / 65 |
Foco
⚔️ 22.9% · 🌾 77.1%
Knight ×51 · Throwing Axeman ×14
Feudal
13:45
Castillos
23:05
Imperial
37:32
| APM promedio | 39.7 |
| APM pico | 80 |
| eAPM promedio | 28.1 |
| Aldeanos / militares | 215 / 584 |
Foco
⚔️ 48.6% · 🌾 51.4%
Scout Cavalry ×317 · Knight ×170 · Spearman ×73 · Boyar ×9 · Militia ×6 · Trebuchet (Packed) ×6
Feudal
12:26
Castillos
15:56
Imperial
33:14
| APM promedio | 36.1 |
| APM pico | 86 |
| eAPM promedio | 24.9 |
| Aldeanos / militares | 214 / 639 |
Foco
⚔️ 37.3% · 🌾 62.7%
Scout Cavalry ×417 · Shrivamsha Rider ×87 · Elephant Archer ×61 · Camel Scout ×55 · Trade Cart ×31 · Armored Elephant ×10
Feudal
13:35
Castillos
17:09
Imperial
40:26
| APM promedio | 48.6 |
| APM pico | 86 |
| eAPM promedio | 20.9 |
| Aldeanos / militares | 238 / 309 |
Foco
⚔️ 32.5% · 🌾 67.5%
Cavalry Archer ×302 · Camel Scout ×5 · Mangonel ×1 · Scout Cavalry ×1
Feudal
14:19
Castillos
17:50
Imperial
36:22
| APM promedio | 36.9 |
| APM pico | 72 |
| eAPM promedio | 18.9 |
| Aldeanos / militares | 177 / 285 |
Foco
⚔️ 31.4% · 🌾 68.6%
Scout Cavalry ×162 · Scorpion ×80 · Arambai ×29 · Trade Cart ×27 · Trebuchet (Packed) ×8 · Battle Elephant ×4
Mapa de la partida
Recursos iniciales + cada clic de construcción. Líneas = muros · curvas = relieve. ◆ oro · ⬟ piedra · ● bayas · ✦ reliquia · ◌ hueco del cierre
Tu base· Abierta — flanco sin cerrar
Base de 封念云· Abierta — hueco de 14t
Base de [JA] Salytmacska· Abierta — flanco sin cerrar
Base de [JA]GyoreE· Abierta — flanco sin cerrar
Base de Suricata Tactica· Abierta — flanco sin cerrar
Base de [JA]Xerxes.GRA· Abierta — flanco sin cerrar
Base de 安时间· Abierta — hueco de 10t
Base de [JA]adaaaam· Abierta — flanco sin cerrar
Terreno inicial suavizado · ◌ = hueco del cierre detectado · pasá el cursor para detalles
Inputs por minuto
— Glokken - - 封念云
Build order — Glokken
Primeras 150 de 585 acciones detectadas
| 1:11 | Construir | Town Center |
| 2:37 | Construir | House |
| 2:59 | Crear | Villager (Male) |
| 2:59 | Crear | Villager (Male) |
| 2:59 | Crear | Villager (Male) |
| 3:00 | Crear | Villager (Male) |
| 3:00 | Crear | Villager (Male) |
| 4:32 | Construir | Lumber Camp |
| 4:37 | Crear | Villager (Male) |
| 4:37 | Crear | Villager (Male) |
| 4:37 | Crear | Villager (Male) |
| 5:17 | Crear | Villager (Male) |
| 5:18 | Crear | Villager (Male) |
| 5:37 | Construir | House |
| 5:53 | Investigar | Loom |
| 5:58 | Construir | Palisade Wall |
| 6:01 | Crear | Villager (Male) |
| 6:01 | Crear | Villager (Male) |
| 6:05 | Construir | Palisade Wall |
| 6:16 | Crear | Villager (Male) |
| 6:23 | Crear | Villager (Male) |
| 6:23 | Crear | Villager (Male) |
| 6:35 | Construir | House |
| 6:37 | Construir | House |
| 7:01 | Crear | Villager (Male) |
| 7:01 | Crear | Villager (Male) |
| 7:55 | Crear | Villager (Male) |
| 7:59 | Crear | Villager (Male) |
| 8:06 | Crear | Villager (Male) |
| 8:07 | Crear | Villager (Male) |
| 8:15 | Construir | Mill |
| 8:17 | Crear | Villager (Male) |
| 8:41 | Construir | Mining Camp |
| 8:53 | Crear | Villager (Male) |
| 8:53 | Crear | Villager (Male) |
| 8:54 | Crear | Villager (Male) |
| 9:41 | Construir | Palisade Wall |
| 10:08 | Crear | Villager (Male) |
| 10:55 | Investigar | Feudal Age |
| 11:18 | Crear | Villager (Male) |
| 13:05 | Edad | Edad Feudal |
| 13:07 | Construir | Market |
| 13:08 | Construir | Blacksmith |
| 13:16 | Crear | Villager (Male) |
| 13:42 | Construir | Palisade Wall |
| 13:44 | Construir | Palisade Wall |
| 13:53 | Investigar | Castle Age |
| 13:54 | Investigar | Castle Age |
| 14:03 | Construir | Palisade Wall |
| 14:05 | Construir | Palisade Wall |
| 14:20 | Investigar | Double-Bit Axe |
| 14:31 | Construir | House |
| 14:33 | Construir | Palisade Wall |
| 14:51 | Investigar | Horse Collar |
| 14:51 | Investigar | Horse Collar |
| 15:11 | Construir | Farm |
| 15:47 | Construir | Palisade Wall |
| 16:35 | Edad | Edad de los Castillos |
| 16:39 | Construir | Town Center |
| 16:43 | Crear | Villager (Male) |
| 16:52 | Construir | Town Center |
| 17:01 | Crear | Villager (Male) |
| 17:15 | Investigar | Bow Saw |
| 17:32 | Crear | Villager (Male) |
| 17:52 | Crear | Villager (Male) |
| 17:54 | Construir | Farm |
| 17:58 | Construir | Farm |
| 18:06 | Crear | Villager (Male) |
| 18:07 | Construir | Farm |
| 18:20 | Crear | Villager (Male) |
| 18:21 | Crear | Villager (Male) |
| 18:38 | Crear | Villager (Male) |
| 18:42 | Construir | House |
| 18:49 | Crear | Villager (Male) |
| 18:55 | Crear | Villager (Male) |
| 19:07 | Construir | Farm |
| 19:11 | Construir | Farm |
| 19:13 | Crear | Villager (Male) |
| 19:16 | Construir | Farm |
| 19:25 | Crear | Villager (Male) |
| 19:35 | Construir | Farm |
| 19:40 | Crear | Villager (Male) |
| 19:40 | Crear | Villager (Male) |
| 19:48 | Construir | Town Center |
| 19:54 | Construir | Farm |
| 19:55 | Crear | Villager (Male) |
| 19:58 | Construir | Farm |
| 20:04 | Crear | Villager (Male) |
| 20:06 | Construir | Farm |
| 20:09 | Construir | Farm |
| 20:11 | Construir | Farm |
| 20:14 | Construir | Farm |
| 20:19 | Crear | Villager (Male) |
| 20:19 | Crear | Villager (Male) |
| 20:26 | Construir | Farm |
| 20:28 | Crear | Villager (Male) |
| 20:36 | Crear | Villager (Male) |
| 20:37 | Crear | Villager (Male) |
| 20:38 | Crear | Villager (Male) |
| 20:48 | Crear | Villager (Male) |
| 20:53 | Construir | Farm |
| 20:57 | Construir | House |
| 20:59 | Crear | Villager (Male) |
| 21:06 | Crear | Villager (Male) |
| 21:08 | Construir | Farm |
| 21:11 | Construir | Farm |
| 21:13 | Crear | Villager (Male) |
| 21:24 | Construir | House |
| 21:27 | Crear | Villager (Male) |
| 21:31 | Crear | Villager (Male) |
| 21:37 | Crear | Villager (Male) |
| 21:49 | Crear | Villager (Male) |
| 21:50 | Construir | House |
| 21:54 | Crear | Villager (Male) |
| 21:56 | Construir | Monastery |
| 21:58 | Construir | House |
| 21:59 | Construir | House |
| 22:05 | Construir | House |
| 22:08 | Construir | Palisade Wall |
| 22:15 | Crear | Villager (Male) |
| 22:15 | Crear | Villager (Male) |
| 22:16 | Crear | Villager (Male) |
| 22:20 | Crear | Villager (Male) |
| 22:21 | Construir | Farm |
| 22:29 | Investigar | Fletching |
| 22:30 | Crear | Villager (Male) |
| 22:30 | Crear | Villager (Male) |
| 22:30 | Crear | Villager (Male) |
| 22:42 | Investigar | Wheelbarrow |
| 22:42 | Investigar | Wheelbarrow |
| 22:44 | Construir | Farm |
| 22:46 | Crear | Villager (Male) |
| 22:56 | Crear | Villager (Male) |
| 23:00 | Construir | Mining Camp |
| 23:04 | Crear | Villager (Male) |
| 23:09 | Crear | Villager (Male) |
| 23:09 | Crear | Villager (Male) |
| 23:10 | Crear | Villager (Male) |
| 23:17 | Crear | Monk |
| 23:25 | Crear | Villager (Male) |
| 23:28 | Construir | House |
| 23:28 | Construir | House |
| 23:31 | Construir | Farm |
| 23:33 | Investigar | Town Watch |
| 23:37 | Construir | Farm |
| 23:49 | Construir | Lumber Camp |
| 23:52 | Crear | Villager (Male) |
| 23:54 | Crear | Villager (Male) |
| 23:56 | Crear | Villager (Male) |
| 24:05 | Construir | Farm |
Build order — 封念云
Primeras 150 de 1039 acciones detectadas
| 0:22 | Construir | Town Center |
| 2:39 | Crear | Villager (Male) |
| 2:40 | Crear | Villager (Male) |
| 2:40 | Crear | Villager (Male) |
| 2:40 | Crear | Villager (Male) |
| 2:53 | Construir | House |
| 3:48 | Crear | Villager (Male) |
| 4:00 | Construir | Lumber Camp |
| 4:07 | Construir | House |
| 4:18 | Crear | Villager (Male) |
| 4:19 | Crear | Villager (Male) |
| 5:39 | Crear | Villager (Male) |
| 5:39 | Crear | Villager (Male) |
| 5:39 | Crear | Villager (Male) |
| 5:48 | Construir | House |
| 6:06 | Crear | Villager (Male) |
| 6:07 | Crear | Villager (Male) |
| 6:33 | Crear | Villager (Male) |
| 6:33 | Crear | Villager (Male) |
| 7:18 | Crear | Villager (Male) |
| 8:13 | Crear | Villager (Male) |
| 8:25 | Construir | House |
| 8:28 | Crear | Villager (Male) |
| 8:28 | Crear | Villager (Male) |
| 8:32 | Crear | Villager (Male) |
| 8:32 | Crear | Villager (Male) |
| 8:37 | Construir | House |
| 8:39 | Crear | Villager (Male) |
| 8:43 | Crear | Villager (Male) |
| 8:46 | Construir | Mill |
| 8:49 | Crear | Villager (Male) |
| 9:21 | Construir | House |
| 9:23 | Crear | Villager (Male) |
| 9:25 | Crear | Villager (Male) |
| 9:34 | Construir | Palisade Wall |
| 10:06 | Crear | Villager (Male) |
| 10:06 | Crear | Villager (Male) |
| 10:29 | Investigar | Loom |
| 10:49 | Construir | Mill |
| 11:06 | Investigar | Feudal Age |
| 11:07 | Investigar | Feudal Age |
| 11:59 | Construir | Barracks |
| 12:41 | Crear | Villager (Male) |
| 13:39 | Edad | Edad Feudal |
| 13:43 | Construir | Market |
| 13:53 | Crear | Villager (Male) |
| 14:00 | Construir | Blacksmith |
| 14:26 | Construir | House |
| 14:28 | Investigar | Town Watch |
| 14:36 | Construir | Outpost |
| 14:45 | Construir | House |
| 15:03 | Investigar | Castle Age |
| 15:03 | Investigar | Castle Age |
| 15:15 | Investigar | Double-Bit Axe |
| 15:15 | Investigar | Double-Bit Axe |
| 15:54 | Crear | Villager (Male) |
| 16:17 | Crear | Spearman |
| 16:55 | Crear | Spearman |
| 17:43 | Edad | Edad de los Castillos |
| 17:48 | Construir | Siege Workshop |
| 17:51 | Crear | Villager (Male) |
| 17:58 | Construir | Town Center |
| 18:04 | Crear | Villager (Male) |
| 18:06 | Crear | Spearman |
| 18:23 | Crear | Mangonel |
| 18:31 | Construir | House |
| 18:34 | Crear | Villager (Male) |
| 18:48 | Crear | Villager (Male) |
| 18:57 | Crear | Villager (Male) |
| 19:19 | Construir | Monastery |
| 19:51 | Crear | Spearman |
| 19:53 | Crear | Villager (Male) |
| 20:04 | Crear | Villager (Male) |
| 20:04 | Crear | Villager (Male) |
| 20:09 | Crear | Monk |
| 20:12 | Crear | Mangonel |
| 20:13 | Crear | Villager (Male) |
| 20:19 | Crear | Spearman |
| 20:20 | Crear | Villager (Male) |
| 20:31 | Crear | Villager (Male) |
| 21:10 | Crear | Monk |
| 21:13 | Crear | Villager (Male) |
| 21:15 | Crear | Spearman |
| 21:16 | Crear | Villager (Male) |
| 21:16 | Crear | Villager (Male) |
| 21:16 | Crear | Villager (Male) |
| 21:19 | Construir | Farm |
| 21:20 | Construir | Farm |
| 21:21 | Construir | Farm |
| 21:22 | Construir | Farm |
| 21:22 | Construir | Farm |
| 22:17 | Crear | Monk |
| 22:18 | Crear | Villager (Male) |
| 22:18 | Crear | Villager (Male) |
| 22:19 | Crear | Villager (Male) |
| 22:19 | Crear | Villager (Male) |
| 22:27 | Crear | Villager (Male) |
| 22:27 | Crear | Villager (Male) |
| 22:30 | Construir | Farm |
| 23:00 | Crear | Villager (Male) |
| 23:14 | Crear | Mangonel |
| 23:24 | Crear | Villager (Male) |
| 23:44 | Construir | Farm |
| 23:45 | Construir | Farm |
| 23:46 | Construir | Farm |
| 23:47 | Crear | Villager (Male) |
| 23:53 | Crear | Villager (Male) |
| 24:00 | Crear | Villager (Male) |
| 24:07 | Construir | Farm |
| 24:08 | Construir | Farm |
| 24:09 | Construir | Farm |
| 24:23 | Crear | Villager (Male) |
| 24:23 | Crear | Villager (Male) |
| 24:28 | Construir | Mining Camp |
| 24:38 | Construir | Stone Wall |
| 24:50 | Crear | Villager (Male) |
| 24:50 | Crear | Villager (Male) |
| 25:14 | Crear | Villager (Male) |
| 25:14 | Crear | Villager (Male) |
| 25:30 | Crear | Villager (Male) |
| 25:30 | Crear | Villager (Male) |
| 25:32 | Construir | House |
| 25:33 | Construir | House |
| 25:34 | Construir | House |
| 25:35 | Construir | House |
| 25:36 | Construir | House |
| 25:55 | Crear | Villager (Male) |
| 25:56 | Crear | Villager (Male) |
| 26:03 | Construir | House |
| 26:04 | Construir | House |
| 26:05 | Construir | House |
| 26:07 | Construir | House |
| 26:08 | Crear | Villager (Male) |
| 26:12 | Construir | Farm |
| 26:14 | Construir | Farm |
| 26:16 | Construir | Mining Camp |
| 26:29 | Crear | Villager (Male) |
| 26:29 | Crear | Villager (Male) |
| 26:41 | Crear | Villager (Male) |
| 26:41 | Crear | Villager (Male) |
| 27:03 | Crear | Villager (Male) |
| 27:09 | Crear | Villager (Male) |
| 27:21 | Construir | Castle |
| 27:36 | Crear | Villager (Male) |
| 27:37 | Crear | Villager (Male) |
| 27:46 | Construir | Farm |
| 27:46 | Construir | Farm |
| 27:47 | Construir | Farm |
| 27:47 | Construir | Farm |
| 27:47 | Construir | Farm |
Build order — [JA] Salytmacska
Primeras 150 de 468 acciones detectadas
| 0:20 | Construir | Town Center |
| 0:59 | Construir | House |
| 2:50 | Crear | Villager (Male) ×4 |
| 3:05 | Construir | Palisade Wall |
| 3:23 | Construir | Palisade Wall |
| 4:08 | Crear | Villager (Male) |
| 4:11 | Construir | Lumber Camp |
| 4:55 | Crear | Villager (Male) |
| 4:55 | Crear | Villager (Male) |
| 4:55 | Crear | Villager (Male) |
| 5:17 | Crear | Villager (Male) |
| 5:19 | Construir | House |
| 5:39 | Crear | Villager (Male) |
| 5:39 | Crear | Villager (Male) |
| 6:21 | Construir | Mill |
| 6:29 | Crear | Villager (Male) |
| 6:29 | Crear | Villager (Male) |
| 6:50 | Crear | Villager (Male) |
| 6:53 | Construir | House |
| 7:10 | Crear | Villager (Male) |
| 7:10 | Crear | Villager (Male) |
| 7:44 | Crear | Villager (Male) |
| 8:23 | Crear | Villager (Male) |
| 8:23 | Crear | Villager (Male) |
| 8:24 | Crear | Villager (Male) |
| 8:42 | Crear | Villager (Male) |
| 9:03 | Construir | House |
| 9:21 | Construir | Lumber Camp |
| 9:38 | Crear | Villager (Male) |
| 9:52 | Construir | Dock |
| 10:00 | Crear | Villager (Male) |
| 10:34 | Crear | Fishing Ship |
| 10:35 | Crear | Fishing Ship |
| 10:42 | Construir | House |
| 10:44 | Crear | Villager (Male) |
| 10:47 | Construir | Palisade Wall |
| 11:03 | Crear | Villager (Male) |
| 11:16 | Construir | House |
| 11:26 | Investigar | Feudal Age |
| 11:50 | Crear | Fishing Ship |
| 12:23 | Crear | Fishing Ship |
| 13:10 | Crear | Fishing Ship |
| 13:30 | Crear | Fishing Ship |
| 13:36 | Crear | Fishing Ship |
| 13:40 | Crear | Villager (Male) |
| 13:53 | Edad | Edad Feudal |
| 13:55 | Construir | Market |
| 13:58 | Construir | Blacksmith |
| 14:11 | Crear | Fishing Ship |
| 14:20 | Investigar | Loom |
| 14:46 | Investigar | Castle Age |
| 14:46 | Investigar | Castle Age |
| 14:51 | Crear | Fishing Ship |
| 15:00 | Construir | Mining Camp |
| 15:24 | Investigar | Double-Bit Axe |
| 15:38 | Construir | House |
| 16:00 | Crear | Fishing Ship |
| 17:05 | Construir | House |
| 17:07 | Crear | Villager (Male) |
| 17:26 | Edad | Edad de los Castillos |
| 17:30 | Construir | Town Center |
| 17:32 | Crear | Villager (Male) |
| 17:38 | Construir | Town Center |
| 17:55 | Crear | Villager (Male) |
| 18:15 | Investigar | Bow Saw |
| 18:27 | Crear | Villager (Male) |
| 18:44 | Crear | Villager (Male) |
| 18:56 | Investigar | Horse Collar |
| 18:57 | Crear | Villager (Male) |
| 18:58 | Crear | Villager (Male) |
| 19:02 | Construir | Farm |
| 19:03 | Construir | Farm |
| 19:04 | Construir | Farm |
| 19:16 | Crear | Villager (Male) |
| 19:16 | Crear | Villager (Male) |
| 19:43 | Construir | Castle |
| 19:46 | Construir | House |
| 19:48 | Crear | Villager (Male) ×2 |
| 19:53 | Crear | Villager (Male) |
| 19:57 | Construir | Farm |
| 19:58 | Construir | Farm |
| 20:09 | Crear | Villager (Male) |
| 20:09 | Crear | Villager (Male) |
| 20:18 | Crear | Villager (Male) |
| 20:18 | Crear | Villager (Male) |
| 20:21 | Construir | Farm |
| 20:23 | Construir | Farm |
| 20:32 | Crear | Villager (Male) |
| 20:32 | Crear | Villager (Male) |
| 20:36 | Construir | Farm |
| 20:39 | Construir | Farm |
| 20:40 | Construir | Farm |
| 20:42 | Crear | Villager (Male) |
| 20:42 | Crear | Villager (Male) |
| 20:46 | Construir | Farm |
| 20:48 | Construir | Farm |
| 20:53 | Crear | Villager (Male) ×2 |
| 20:53 | Crear | Villager (Male) ×2 |
| 21:04 | Construir | House |
| 21:05 | Construir | House |
| 21:05 | Construir | House |
| 21:07 | Construir | House |
| 21:08 | Construir | House |
| 21:09 | Construir | House |
| 21:10 | Crear | Villager (Male) |
| 21:25 | Crear | Villager (Male) |
| 21:25 | Crear | Villager (Male) |
| 21:30 | Crear | Villager (Male) ×3 |
| 21:44 | Crear | War Wagon |
| 21:47 | Crear | Villager (Male) |
| 21:47 | Crear | Villager (Male) |
| 22:01 | Crear | Villager (Male) |
| 22:04 | Crear | War Wagon |
| 22:30 | Crear | Villager (Male) ×5 |
| 22:36 | Crear | War Wagon |
| 22:56 | Construir | Mining Camp |
| 22:59 | Crear | Villager (Male) |
| 22:59 | Crear | Villager (Male) |
| 23:10 | Construir | Farm |
| 23:10 | Construir | Farm |
| 23:11 | Construir | Farm |
| 23:13 | Crear | Villager (Male) |
| 23:13 | Crear | Villager (Male) |
| 23:14 | Crear | War Wagon |
| 23:40 | Crear | Villager (Male) ×5 |
| 23:41 | Crear | Villager (Male) |
| 23:43 | Crear | War Wagon |
| 23:56 | Construir | House |
| 23:58 | Construir | Gate |
| 24:01 | Construir | House |
| 24:04 | Construir | House |
| 24:05 | Construir | House |
| 24:06 | Construir | House |
| 24:12 | Investigar | Fletching |
| 24:14 | Crear | Villager (Male) |
| 24:14 | Crear | Villager (Male) |
| 24:17 | Crear | War Wagon |
| 24:17 | Crear | War Wagon |
| 24:29 | Crear | Villager (Male) |
| 24:30 | Crear | War Wagon |
| 24:31 | Crear | War Wagon |
| 24:42 | Construir | Farm |
| 24:42 | Construir | Farm |
| 24:46 | Construir | Farm |
| 24:50 | Crear | Villager (Male) |
| 24:51 | Crear | Villager (Male) |
| 24:51 | Crear | Villager (Male) |
| 24:59 | Crear | Villager (Male) |
| 24:59 | Crear | Villager (Male) |
| 25:02 | Construir | Mill |
Build order — [JA]GyoreE
Primeras 150 de 503 acciones detectadas
| 0:12 | Construir | Town Center |
| 1:17 | Construir | House |
| 2:13 | Crear | Villager (Male) |
| 2:13 | Crear | Villager (Male) |
| 2:13 | Crear | Villager (Male) |
| 2:14 | Crear | Villager (Male) |
| 2:14 | Crear | Villager (Male) |
| 3:26 | Crear | Villager (Male) |
| 3:27 | Crear | Villager (Male) |
| 3:46 | Construir | Lumber Camp |
| 3:49 | Crear | Villager (Male) |
| 3:49 | Crear | Villager (Male) |
| 4:00 | Construir | House |
| 4:15 | Crear | Villager (Male) |
| 4:15 | Crear | Villager (Male) |
| 5:05 | Crear | Villager (Male) |
| 5:05 | Crear | Villager (Male) |
| 5:26 | Crear | Villager (Male) |
| 5:26 | Crear | Villager (Male) |
| 5:31 | Construir | House |
| 5:42 | Construir | Palisade Wall |
| 5:51 | Crear | Villager (Male) |
| 6:03 | Construir | House |
| 6:16 | Crear | Villager (Male) |
| 6:16 | Crear | Villager (Male) |
| 6:58 | Crear | Villager (Male) |
| 7:19 | Crear | Villager (Male) |
| 7:20 | Crear | Villager (Male) |
| 7:37 | Construir | House |
| 7:45 | Construir | Palisade Wall |
| 8:03 | Crear | Villager (Male) |
| 8:10 | Construir | Palisade Wall |
| 8:30 | Crear | Villager (Male) |
| 8:57 | Crear | Villager (Male) |
| 9:16 | Construir | Mill |
| 9:27 | Crear | Villager (Male) |
| 9:41 | Crear | Villager (Male) |
| 10:13 | Construir | Mining Camp |
| 10:28 | Crear | Villager (Male) |
| 10:28 | Crear | Villager (Male) |
| 11:17 | Crear | Villager (Male) |
| 11:20 | Investigar | Loom |
| 11:21 | Investigar | Feudal Age |
| 12:01 | Construir | Barracks |
| 13:01 | Crear | Villager (Male) |
| 13:30 | Crear | Villager (Male) |
| 13:37 | Construir | Mining Camp |
| 14:23 | Edad | Edad Feudal |
| 14:24 | Construir | Stable |
| 14:29 | Construir | Blacksmith |
| 14:39 | Construir | House |
| 14:46 | Construir | Palisade Wall |
| 14:52 | Construir | Palisade Wall |
| 15:05 | Construir | Palisade Gate |
| 15:13 | Crear | Villager (Male) |
| 15:39 | Construir | Mill |
| 15:40 | Investigar | Castle Age |
| 15:44 | Investigar | Double-Bit Axe |
| 15:55 | Construir | House |
| 16:59 | Construir | Palisade Wall |
| 17:02 | Construir | Palisade Wall |
| 17:11 | Construir | Palisade Wall |
| 17:16 | Construir | Palisade Wall |
| 17:22 | Construir | Mill |
| 17:46 | Construir | House |
| 17:48 | Construir | House |
| 17:52 | Construir | Palisade Wall |
| 17:59 | Construir | House |
| 18:02 | Construir | House |
| 18:20 | Edad | Edad de los Castillos |
| 18:25 | Crear | Knight |
| 18:32 | Construir | Town Center |
| 18:38 | Crear | Villager (Male) |
| 18:38 | Crear | Villager (Male) |
| 18:48 | Crear | Knight |
| 19:10 | Crear | Knight |
| 19:10 | Crear | Villager (Male) |
| 19:11 | Crear | Villager (Male) |
| 19:22 | Crear | Villager (Male) |
| 20:00 | Crear | Villager (Male) |
| 20:00 | Crear | Villager (Male) |
| 20:01 | Crear | Villager (Male) |
| 20:33 | Construir | Castle |
| 20:42 | Crear | Villager (Male) |
| 21:16 | Crear | Villager (Male) |
| 21:16 | Crear | Villager (Male) |
| 21:16 | Crear | Villager (Male) |
| 21:17 | Crear | Villager (Male) |
| 21:17 | Crear | Villager (Male) |
| 22:26 | Crear | Villager (Male) |
| 22:28 | Crear | Knight |
| 22:28 | Crear | Knight |
| 23:57 | Crear | Knight |
| 23:58 | Crear | Knight |
| 23:59 | Crear | Throwing Axeman |
| 24:00 | Crear | Throwing Axeman |
| 24:33 | Crear | Throwing Axeman |
| 24:33 | Crear | Villager (Male) |
| 25:26 | Crear | Villager (Male) |
| 25:26 | Crear | Villager (Male) |
| 25:42 | Crear | Villager (Male) |
| 26:11 | Construir | Mill |
| 26:17 | Crear | Villager (Male) |
| 26:17 | Crear | Villager (Male) |
| 26:28 | Crear | Villager (Male) |
| 26:29 | Crear | Villager (Male) |
| 27:04 | Crear | Villager (Male) |
| 27:05 | Crear | Villager (Male) |
| 27:05 | Crear | Villager (Male) |
| 27:26 | Crear | Villager (Male) |
| 27:26 | Crear | Villager (Male) |
| 27:29 | Construir | Farm |
| 27:29 | Construir | Farm |
| 27:29 | Construir | Farm |
| 27:30 | Construir | Farm |
| 27:36 | Construir | Farm |
| 27:50 | Crear | Villager (Male) |
| 27:50 | Crear | Villager (Male) |
| 28:03 | Crear | Villager (Male) |
| 28:03 | Crear | Villager (Male) |
| 28:34 | Crear | Throwing Axeman |
| 28:34 | Crear | Villager (Male) |
| 28:35 | Crear | Villager (Male) |
| 29:07 | Crear | Throwing Axeman |
| 29:08 | Crear | Villager (Male) |
| 29:08 | Crear | Villager (Male) |
| 29:08 | Crear | Villager (Male) |
| 29:16 | Crear | Throwing Axeman |
| 29:16 | Crear | Villager (Male) |
| 29:30 | Construir | Mill |
| 29:31 | Construir | Farm |
| 29:31 | Construir | Farm |
| 29:31 | Construir | Farm |
| 29:32 | Construir | Farm |
| 29:32 | Construir | Farm |
| 29:32 | Construir | Farm |
| 29:32 | Construir | Farm |
| 29:41 | Construir | Farm |
| 29:42 | Construir | Farm |
| 29:59 | Crear | Villager (Male) |
| 29:59 | Crear | Villager (Male) |
| 29:59 | Crear | Villager (Male) |
| 30:23 | Construir | Mill |
| 30:24 | Construir | Farm |
| 30:24 | Construir | Farm |
| 30:24 | Construir | Farm |
| 30:24 | Construir | Farm |
| 30:25 | Construir | Farm |
| 30:25 | Construir | Farm |
| 30:25 | Construir | Farm |
Build order — Suricata Tactica
Primeras 150 de 1022 acciones detectadas
| 0:15 | Construir | House |
| 0:51 | Construir | Town Center |
| 2:51 | Crear | Villager (Male) |
| 2:52 | Crear | Villager (Male) |
| 2:52 | Crear | Villager (Male) |
| 3:01 | Crear | Villager (Male) |
| 3:01 | Crear | Villager (Male) |
| 3:02 | Crear | Villager (Male) |
| 3:49 | Crear | Villager (Male) |
| 3:49 | Crear | Villager (Male) |
| 3:49 | Crear | Villager (Male) |
| 4:21 | Crear | Villager (Male) |
| 4:22 | Crear | Villager (Male) |
| 4:43 | Crear | Villager (Male) |
| 4:43 | Crear | Villager (Male) |
| 4:51 | Construir | House |
| 5:06 | Crear | Villager (Male) |
| 5:07 | Crear | Villager (Male) |
| 5:54 | Crear | Villager (Male) |
| 5:54 | Crear | Villager (Male) |
| 5:55 | Crear | Villager (Male) |
| 6:34 | Crear | Villager (Male) |
| 6:34 | Crear | Villager (Male) |
| 6:35 | Crear | Villager (Male) |
| 6:35 | Crear | Villager (Male) |
| 6:40 | Construir | House |
| 6:41 | Construir | House |
| 7:19 | Crear | Villager (Male) |
| 7:19 | Crear | Villager (Male) |
| 7:33 | Investigar | Loom |
| 7:57 | Construir | Mill |
| 8:11 | Crear | Villager (Male) |
| 8:13 | Crear | Villager (Male) |
| 8:13 | Crear | Villager (Male) |
| 9:00 | Crear | Villager (Male) |
| 9:00 | Crear | Villager (Male) |
| 9:13 | Construir | Mill |
| 10:03 | Construir | Lumber Camp |
| 10:24 | Crear | Villager (Male) |
| 10:59 | Crear | Villager (Male) |
| 11:12 | Construir | House |
| 11:35 | Investigar | Feudal Age |
| 11:35 | Investigar | Feudal Age |
| 12:18 | Construir | Barracks |
| 12:52 | Crear | Villager (Male) |
| 13:20 | Construir | House |
| 13:45 | Edad | Edad Feudal |
| 13:46 | Construir | Stable |
| 13:47 | Investigar | Double-Bit Axe |
| 13:48 | Investigar | Horse Collar |
| 13:49 | Crear | Villager (Male) |
| 13:59 | Crear | Spearman |
| 13:59 | Crear | Spearman |
| 14:02 | Crear | Villager (Male) |
| 14:19 | Crear | Villager (Male) |
| 14:33 | Crear | Scout Cavalry |
| 14:34 | Crear | Scout Cavalry |
| 14:34 | Crear | Scout Cavalry |
| 14:38 | Construir | Blacksmith |
| 14:48 | Crear | Scout Cavalry |
| 15:03 | Crear | Villager (Male) |
| 15:09 | Construir | Lumber Camp |
| 15:23 | Crear | Villager (Male) |
| 15:28 | Construir | Farm |
| 15:57 | Crear | Villager (Male) |
| 16:01 | Construir | Farm |
| 16:09 | Construir | Farm |
| 16:26 | Construir | Farm |
| 16:34 | Investigar | Forging |
| 16:36 | Crear | Villager (Male) |
| 16:51 | Construir | Farm |
| 16:58 | Crear | Villager (Male) |
| 17:01 | Construir | Farm |
| 17:19 | Crear | Villager (Male) |
| 17:26 | Construir | Mining Camp |
| 17:48 | Crear | Villager (Male) |
| 18:08 | Construir | Farm |
| 18:08 | Construir | Farm |
| 18:08 | Construir | Farm |
| 18:08 | Construir | Farm |
| 18:11 | Crear | Villager (Male) |
| 18:28 | Construir | Farm |
| 18:33 | Construir | Farm |
| 18:33 | Crear | Villager (Male) |
| 18:50 | Crear | Spearman |
| 18:56 | Construir | House |
| 19:01 | Crear | Spearman |
| 19:02 | Crear | Villager (Male) |
| 19:27 | Crear | Villager (Male) |
| 19:50 | Crear | Villager (Male) |
| 20:23 | Investigar | Castle Age |
| 20:24 | Investigar | Castle Age |
| 20:28 | Construir | Stable |
| 20:40 | Construir | Palisade Gate |
| 20:43 | Construir | Palisade Wall |
| 20:46 | Construir | Palisade Wall |
| 20:46 | Construir | Palisade Wall |
| 20:47 | Construir | Palisade Wall |
| 20:48 | Construir | Palisade Wall |
| 20:53 | Construir | Palisade Gate |
| 20:55 | Construir | Palisade Wall |
| 20:58 | Construir | Palisade Wall |
| 20:59 | Construir | Palisade Wall |
| 21:02 | Crear | Villager (Male) |
| 21:24 | Investigar | Scale Barding Armor |
| 21:26 | Investigar | Bloodlines |
| 21:27 | Investigar | Bloodlines |
| 22:00 | Investigar | Gold Mining |
| 22:01 | Crear | Villager (Male) |
| 22:03 | Construir | Mining Camp |
| 22:34 | Construir | Mill |
| 22:46 | Construir | Market |
| 23:05 | Edad | Edad de los Castillos |
| 23:07 | Crear | Knight |
| 23:07 | Crear | Knight |
| 23:08 | Crear | Knight |
| 23:21 | Crear | Villager (Male) |
| 23:45 | Crear | Knight |
| 23:45 | Crear | Knight |
| 23:50 | Crear | Villager (Male) |
| 23:54 | Construir | Siege Workshop |
| 24:00 | Investigar | Bow Saw |
| 24:00 | Investigar | Bow Saw |
| 24:15 | Crear | Villager (Male) |
| 24:18 | Construir | Archery Range |
| 24:30 | Crear | Knight |
| 24:30 | Crear | Knight |
| 24:32 | Crear | Battering Ram |
| 24:33 | Crear | Villager (Male) |
| 24:34 | Crear | Villager (Male) |
| 24:39 | Crear | Villager (Male) |
| 24:39 | Crear | Villager (Male) |
| 24:41 | Crear | Knight |
| 24:41 | Crear | Knight |
| 24:41 | Crear | Knight |
| 25:19 | Crear | Knight |
| 25:19 | Crear | Knight |
| 25:19 | Crear | Knight |
| 25:19 | Crear | Knight |
| 25:31 | Construir | Town Center |
| 25:44 | Crear | Villager (Male) |
| 25:48 | Crear | Knight |
| 25:48 | Crear | Knight |
| 26:02 | Crear | Knight |
| 26:09 | Construir | House |
| 26:09 | Construir | House |
| 26:10 | Construir | House |
| 26:22 | Crear | Villager (Male) |
| 26:22 | Crear | Villager (Male) |
| 26:29 | Crear | Knight |
Build order — [JA]Xerxes.GRA
Primeras 150 de 680 acciones detectadas
| 0:08 | Construir | Town Center |
| 1:50 | Construir | House |
| 2:21 | Crear | Villager (Male) |
| 2:34 | Crear | Villager (Male) |
| 2:34 | Crear | Villager (Male) |
| 2:34 | Crear | Villager (Male) |
| 2:49 | Construir | Palisade Wall |
| 2:56 | Construir | Palisade Wall |
| 3:05 | Construir | Palisade Wall |
| 3:54 | Crear | Villager (Male) |
| 4:07 | Construir | House |
| 4:13 | Crear | Villager (Male) |
| 4:43 | Crear | Villager (Male) |
| 4:48 | Crear | Villager (Male) |
| 4:59 | Construir | Lumber Camp |
| 5:07 | Crear | Villager (Male) |
| 5:56 | Crear | Villager (Male) |
| 6:05 | Crear | Villager (Male) |
| 6:31 | Crear | Villager (Male) |
| 6:33 | Construir | House |
| 7:17 | Crear | Villager (Male) |
| 7:41 | Crear | Villager (Male) |
| 8:03 | Crear | Villager (Male) |
| 8:07 | Construir | Mill |
| 8:23 | Crear | Villager (Male) |
| 8:37 | Crear | Villager (Male) |
| 8:42 | Construir | House |
| 8:53 | Crear | Villager (Male) |
| 9:18 | Crear | Villager (Male) |
| 9:30 | Construir | Mining Camp |
| 10:00 | Investigar | Feudal Age |
| 12:06 | Crear | Villager (Male) |
| 12:06 | Crear | Villager (Male) |
| 12:26 | Edad | Edad Feudal |
| 12:27 | Construir | Market |
| 12:29 | Construir | Blacksmith |
| 12:54 | Construir | Palisade Wall |
| 13:00 | Construir | House |
| 13:15 | Investigar | Castle Age |
| 13:19 | Construir | House |
| 13:20 | Construir | House |
| 13:29 | Investigar | Double-Bit Axe |
| 13:34 | Construir | Palisade Wall |
| 13:35 | Construir | Palisade Wall |
| 13:38 | Construir | Palisade Wall |
| 14:04 | Investigar | Horse Collar |
| 14:12 | Construir | Farm |
| 14:21 | Construir | Farm |
| 15:48 | Crear | Villager (Male) |
| 15:56 | Edad | Edad de los Castillos |
| 15:59 | Construir | Town Center |
| 16:06 | Construir | Town Center |
| 16:18 | Crear | Villager (Male) |
| 16:46 | Crear | Villager (Male) |
| 16:47 | Investigar | Loom |
| 16:52 | Construir | Farm |
| 16:55 | Construir | Farm |
| 17:03 | Crear | Villager (Male) |
| 17:06 | Construir | Farm |
| 17:22 | Crear | Villager (Male) |
| 17:25 | Construir | Farm |
| 17:26 | Construir | Farm |
| 17:28 | Construir | Farm |
| 17:29 | Crear | Villager (Male) |
| 17:32 | Crear | Villager (Male) |
| 17:36 | Crear | Villager (Male) |
| 17:36 | Crear | Villager (Male) |
| 17:45 | Construir | Farm |
| 17:51 | Construir | Farm |
| 17:58 | Crear | Villager (Male) |
| 18:03 | Construir | Farm |
| 18:10 | Construir | Farm |
| 18:12 | Crear | Villager (Male) |
| 18:13 | Crear | Villager (Male) |
| 18:21 | Construir | Farm |
| 18:26 | Construir | House |
| 18:29 | Crear | Villager (Male) |
| 18:41 | Crear | Villager (Male) |
| 18:46 | Construir | Farm |
| 18:47 | Construir | Farm |
| 18:55 | Crear | Villager (Male) |
| 19:01 | Construir | Farm |
| 19:08 | Crear | Villager (Male) |
| 19:09 | Crear | Villager (Male) |
| 19:09 | Crear | Villager (Male) |
| 19:23 | Crear | Villager (Male) |
| 19:27 | Construir | Farm |
| 19:29 | Construir | Farm |
| 19:33 | Crear | Villager (Male) |
| 19:42 | Crear | Villager (Male) |
| 19:52 | Crear | Villager (Male) |
| 19:52 | Crear | Villager (Male) |
| 20:03 | Crear | Villager (Male) |
| 20:09 | Crear | Villager (Male) |
| 20:18 | Crear | Villager (Male) |
| 20:18 | Crear | Villager (Male) |
| 20:20 | Construir | Town Center |
| 20:24 | Crear | Villager (Male) |
| 20:24 | Crear | Villager (Male) |
| 20:27 | Construir | House |
| 20:27 | Construir | House |
| 20:31 | Construir | House |
| 20:31 | Construir | House |
| 20:34 | Crear | Villager (Male) |
| 20:42 | Crear | Villager (Male) |
| 20:45 | Construir | Farm |
| 20:49 | Crear | Villager (Male) |
| 20:59 | Construir | Farm |
| 21:00 | Crear | Villager (Male) |
| 21:09 | Construir | Farm |
| 21:10 | Crear | Villager (Male) |
| 21:14 | Construir | Farm |
| 21:15 | Construir | Farm |
| 21:16 | Crear | Villager (Male) |
| 21:27 | Crear | Villager (Male) |
| 21:28 | Construir | House |
| 21:29 | Construir | House |
| 21:34 | Crear | Villager (Male) |
| 21:40 | Crear | Villager (Male) |
| 21:53 | Crear | Villager (Male) |
| 21:55 | Construir | Siege Workshop |
| 21:58 | Crear | Villager (Male) |
| 22:06 | Crear | Villager (Male) |
| 22:06 | Crear | Villager (Male) |
| 22:11 | Construir | House |
| 22:18 | Crear | Villager (Male) |
| 22:22 | Construir | Siege Workshop |
| 22:27 | Crear | Villager (Male) |
| 22:37 | Crear | Villager (Male) |
| 22:39 | Crear | Villager (Male) |
| 22:39 | Crear | Villager (Male) |
| 22:42 | Construir | House |
| 22:55 | Crear | Villager (Male) |
| 22:55 | Crear | Villager (Male) |
| 23:04 | Crear | Scorpion |
| 23:05 | Construir | University |
| 23:06 | Crear | Villager (Male) |
| 23:06 | Crear | Villager (Male) |
| 23:06 | Crear | Villager (Male) |
| 23:09 | Crear | Villager (Male) |
| 23:13 | Crear | Villager (Male) |
| 23:17 | Crear | Villager (Male) |
| 23:19 | Crear | Scorpion |
| 23:23 | Crear | Villager (Male) |
| 23:31 | Crear | Villager (Male) |
| 23:37 | Construir | Farm |
| 23:37 | Construir | Farm |
| 23:44 | Crear | Scorpion |
| 23:51 | Crear | Villager (Male) |
| 23:52 | Crear | Villager (Male) |
Build order — 安时间
Primeras 150 de 505 acciones detectadas
| 0:09 | Construir | Lumber Camp |
| 0:35 | Construir | Town Center |
| 0:53 | Construir | House |
| 0:55 | Construir | Palisade Wall |
| 2:34 | Crear | Villager (Male) |
| 2:34 | Crear | Villager (Male) |
| 2:34 | Crear | Villager (Male) |
| 3:18 | Crear | Villager (Male) |
| 3:18 | Crear | Villager (Male) |
| 3:43 | Crear | Villager (Male) |
| 3:43 | Crear | Villager (Male) |
| 4:07 | Construir | House |
| 4:39 | Crear | Villager (Male) |
| 4:39 | Crear | Villager (Male) |
| 4:39 | Crear | Villager (Male) |
| 5:34 | Crear | Villager (Male) |
| 5:34 | Crear | Villager (Male) |
| 5:34 | Crear | Villager (Male) |
| 5:53 | Crear | Villager (Male) |
| 5:53 | Crear | Villager (Male) |
| 6:15 | Construir | House |
| 6:37 | Construir | Lumber Camp |
| 6:41 | Construir | House |
| 6:45 | Crear | Villager (Male) |
| 6:45 | Crear | Villager (Male) |
| 6:46 | Crear | Villager (Male) |
| 6:53 | Construir | House |
| 7:34 | Crear | Villager (Male) |
| 7:34 | Crear | Villager (Male) |
| 8:14 | Construir | House |
| 8:23 | Construir | House |
| 8:26 | Crear | Villager (Male) |
| 8:30 | Construir | House |
| 8:54 | Crear | Villager (Male) |
| 8:55 | Crear | Villager (Male) |
| 9:26 | Crear | Villager (Male) |
| 9:26 | Crear | Villager (Male) |
| 10:02 | Construir | Mill |
| 10:12 | Construir | Barracks |
| 10:15 | Construir | House |
| 10:26 | Crear | Villager (Male) |
| 10:29 | Investigar | Loom |
| 11:03 | Crear | Villager (Male) |
| 11:09 | Construir | Mining Camp |
| 11:16 | Investigar | Feudal Age |
| 11:16 | Investigar | Feudal Age |
| 12:30 | Crear | Villager (Male) |
| 12:30 | Crear | Villager (Male) |
| 13:35 | Edad | Edad Feudal |
| 13:36 | Construir | Blacksmith |
| 13:38 | Construir | Archery Range |
| 13:48 | Construir | Archery Range |
| 14:29 | Investigar | Castle Age |
| 14:29 | Investigar | Castle Age |
| 14:44 | Investigar | Double-Bit Axe |
| 15:37 | Investigar | Fletching |
| 15:44 | Investigar | Gold Mining |
| 16:34 | Crear | Villager (Male) |
| 16:34 | Crear | Villager (Male) |
| 17:09 | Edad | Edad de los Castillos |
| 17:12 | Construir | Town Center |
| 17:17 | Crear | Cavalry Archer |
| 17:17 | Crear | Cavalry Archer |
| 17:21 | Investigar | Bodkin Arrow |
| 17:26 | Crear | Villager (Male) |
| 17:32 | Crear | Cavalry Archer |
| 17:33 | Crear | Cavalry Archer |
| 17:51 | Crear | Cavalry Archer |
| 17:52 | Crear | Cavalry Archer |
| 18:21 | Crear | Villager (Male) |
| 18:23 | Investigar | Town Watch |
| 18:36 | Crear | Cavalry Archer |
| 18:36 | Crear | Cavalry Archer |
| 18:40 | Crear | Cavalry Archer |
| 18:51 | Crear | Villager (Male) |
| 19:01 | Crear | Cavalry Archer |
| 19:01 | Crear | Cavalry Archer |
| 19:03 | Crear | Villager (Male) |
| 19:22 | Construir | University |
| 19:54 | Crear | Villager (Male) |
| 19:56 | Crear | Cavalry Archer ×3 |
| 20:11 | Crear | Villager (Male) |
| 20:12 | Crear | Villager (Male) |
| 20:12 | Crear | Villager (Male) |
| 20:12 | Crear | Villager (Male) |
| 20:38 | Crear | Cavalry Archer |
| 20:38 | Crear | Cavalry Archer |
| 20:39 | Crear | Villager (Male) |
| 20:43 | Investigar | Padded Archer Armor |
| 21:02 | Construir | House |
| 21:03 | Construir | House |
| 21:07 | Crear | Cavalry Archer |
| 21:07 | Crear | Cavalry Archer |
| 21:17 | Crear | Villager (Male) |
| 21:21 | Construir | House |
| 21:26 | Investigar | Leather Archer Armor |
| 21:36 | Construir | Farm |
| 21:55 | Crear | Cavalry Archer |
| 21:55 | Crear | Villager (Male) |
| 21:56 | Crear | Villager (Male) |
| 22:03 | Construir | Farm |
| 22:25 | Crear | Villager (Male) |
| 22:26 | Crear | Villager (Male) |
| 22:26 | Crear | Villager (Male) |
| 22:47 | Crear | Villager (Male) |
| 23:09 | Investigar | Ballistics |
| 23:35 | Crear | Villager (Male) |
| 23:35 | Crear | Villager (Male) |
| 23:44 | Crear | Cavalry Archer |
| 23:45 | Crear | Cavalry Archer |
| 23:46 | Crear | Villager (Male) |
| 23:54 | Construir | House |
| 23:55 | Construir | House |
| 23:58 | Crear | Cavalry Archer |
| 23:59 | Crear | Cavalry Archer |
| 24:00 | Crear | Villager (Male) |
| 24:23 | Crear | Cavalry Archer |
| 24:23 | Crear | Cavalry Archer |
| 24:24 | Crear | Villager (Male) |
| 24:25 | Crear | Villager (Male) |
| 24:27 | Investigar | Wheelbarrow |
| 24:43 | Construir | Stable |
| 24:52 | Crear | Villager (Male) |
| 24:52 | Crear | Villager (Male) |
| 25:05 | Construir | House |
| 25:11 | Construir | Farm |
| 25:11 | Construir | Farm |
| 25:19 | Crear | Cavalry Archer |
| 25:19 | Crear | Cavalry Archer |
| 25:35 | Crear | Villager (Male) |
| 25:37 | Crear | Cavalry Archer |
| 25:37 | Crear | Cavalry Archer |
| 25:45 | Crear | Villager (Male) |
| 25:49 | Investigar | Husbandry |
| 25:49 | Investigar | Husbandry |
| 26:11 | Crear | Cavalry Archer |
| 26:12 | Crear | Villager (Male) |
| 26:12 | Crear | Villager (Male) |
| 26:15 | Construir | House |
| 26:16 | Construir | House |
| 26:48 | Crear | Villager (Male) |
| 26:48 | Crear | Villager (Male) |
| 27:15 | Construir | Archery Range |
| 27:17 | Crear | Cavalry Archer ×5 |
| 27:18 | Crear | Villager (Male) |
| 27:18 | Crear | Villager (Male) |
| 27:18 | Crear | Villager (Male) |
| 27:19 | Crear | Villager (Male) |
| 27:27 | Construir | Town Center |
| 27:38 | Construir | Lumber Camp |
Build order — [JA]adaaaam
Primeras 150 de 578 acciones detectadas
| 0:38 | Construir | Town Center |
| 2:47 | Construir | House |
| 2:56 | Crear | Villager (Male) |
| 2:57 | Crear | Villager (Male) |
| 2:57 | Crear | Villager (Male) |
| 2:57 | Crear | Villager (Male) |
| 2:57 | Crear | Villager (Male) |
| 4:31 | Crear | Villager (Male) |
| 4:31 | Crear | Villager (Male) |
| 4:31 | Crear | Villager (Male) |
| 4:47 | Crear | Villager (Male) |
| 5:06 | Construir | House |
| 5:12 | Construir | Lumber Camp |
| 5:32 | Crear | Villager (Male) |
| 6:07 | Crear | Villager (Male) |
| 6:15 | Crear | Villager (Male) |
| 6:45 | Crear | Villager (Male) |
| 6:50 | Crear | Villager (Male) |
| 6:59 | Construir | House |
| 7:07 | Crear | Villager (Male) |
| 7:17 | Crear | Villager (Male) |
| 7:35 | Construir | House |
| 7:45 | Crear | Villager (Male) |
| 7:59 | Crear | Villager (Male) |
| 8:16 | Crear | Villager (Male) |
| 8:29 | Crear | Villager (Male) |
| 8:39 | Construir | Mill |
| 8:58 | Crear | Villager (Male) |
| 9:08 | Crear | Villager (Male) |
| 9:26 | Crear | Villager (Male) |
| 9:34 | Crear | Villager (Male) |
| 9:52 | Crear | Villager (Male) |
| 10:07 | Construir | Mining Camp |
| 10:38 | Construir | Mining Camp |
| 11:08 | Construir | House |
| 11:12 | Investigar | Feudal Age |
| 11:15 | Investigar | Loom |
| 11:16 | Crear | Villager (Male) |
| 11:31 | Construir | Palisade Wall |
| 11:33 | Construir | Palisade Wall |
| 12:09 | Investigar | Feudal Age |
| 12:29 | Construir | Mill |
| 13:15 | Construir | Palisade Wall |
| 13:38 | Crear | Villager (Male) |
| 13:38 | Crear | Villager (Male) |
| 14:19 | Edad | Edad Feudal |
| 14:22 | Construir | Market |
| 14:24 | Construir | Blacksmith |
| 15:10 | Investigar | Castle Age |
| 15:35 | Construir | House |
| 15:43 | Construir | House |
| 16:08 | Crear | Villager (Male) |
| 17:50 | Edad | Edad de los Castillos |
| 18:00 | Construir | Castle |
| 18:02 | Crear | Villager (Male) |
| 18:25 | Investigar | Horse Collar |
| 18:28 | Investigar | Wheelbarrow |
| 18:28 | Crear | Villager (Male) |
| 18:37 | Crear | Villager (Male) |
| 18:46 | Investigar | Heavy Plow |
| 19:05 | Investigar | Gold Mining |
| 19:10 | Construir | Farm |
| 19:12 | Construir | Farm |
| 19:17 | Construir | Town Center |
| 19:23 | Crear | Villager (Male) |
| 19:26 | Construir | Farm |
| 19:36 | Crear | Villager (Male) |
| 19:42 | Construir | House |
| 19:52 | Crear | Arambai |
| 20:00 | Construir | Farm |
| 20:02 | Construir | Farm |
| 20:04 | Crear | Arambai |
| 20:08 | Crear | Villager (Male) |
| 20:13 | Construir | House |
| 20:17 | Crear | Arambai |
| 20:37 | Construir | Farm |
| 20:46 | Crear | Villager (Male) |
| 21:01 | Crear | Arambai |
| 21:01 | Crear | Villager (Male) |
| 21:02 | Crear | Villager (Male) |
| 21:07 | Construir | Farm |
| 21:13 | Construir | House |
| 21:19 | Crear | Villager (Male) |
| 21:19 | Crear | Villager (Male) |
| 21:27 | Crear | Arambai |
| 21:30 | Crear | Villager (Male) |
| 21:37 | Construir | Farm |
| 21:47 | Crear | Villager (Male) |
| 22:03 | Crear | Arambai |
| 22:04 | Crear | Villager (Male) |
| 22:22 | Crear | Arambai |
| 22:32 | Investigar | Padded Archer Armor |
| 22:36 | Crear | Villager (Male) |
| 22:59 | Construir | University |
| 23:02 | Crear | Villager (Male) |
| 23:28 | Crear | Villager (Male) |
| 23:28 | Crear | Villager (Male) |
| 23:28 | Crear | Villager (Male) |
| 23:31 | Crear | Arambai |
| 23:41 | Investigar | Ballistics |
| 23:43 | Crear | Villager (Male) |
| 23:47 | Crear | Villager (Male) |
| 23:51 | Construir | Farm |
| 24:16 | Crear | Villager (Male) |
| 24:24 | Construir | Town Center |
| 24:27 | Crear | Villager (Male) |
| 24:28 | Crear | Villager (Male) |
| 24:43 | Crear | Villager (Male) |
| 24:43 | Crear | Villager (Male) |
| 24:48 | Construir | Farm |
| 24:49 | Construir | Farm |
| 24:50 | Construir | Farm |
| 24:52 | Crear | Arambai |
| 24:58 | Crear | Villager (Male) |
| 25:00 | Construir | Farm |
| 25:08 | Crear | Arambai |
| 25:37 | Construir | Barracks |
| 25:39 | Crear | Villager (Male) |
| 25:40 | Investigar | Town Watch |
| 25:43 | Crear | Arambai |
| 25:48 | Construir | Farm |
| 25:50 | Construir | Farm |
| 25:52 | Construir | Farm |
| 25:54 | Construir | House |
| 25:56 | Construir | Palisade Wall |
| 26:00 | Crear | Villager (Male) |
| 26:19 | Investigar | Wheelbarrow |
| 26:21 | Crear | Villager (Male) |
| 26:34 | Construir | Stable |
| 26:39 | Crear | Villager (Male) |
| 26:40 | Crear | Villager (Male) |
| 26:41 | Crear | Arambai |
| 26:41 | Crear | Arambai |
| 27:15 | Crear | Arambai |
| 27:19 | Crear | Villager (Male) |
| 27:19 | Crear | Villager (Male) |
| 27:19 | Crear | Villager (Male) |
| 27:21 | Investigar | Stone Mining |
| 27:26 | Construir | Mining Camp |
| 27:34 | Construir | Monastery |
| 27:42 | Construir | Farm |
| 27:43 | Construir | Farm |
| 27:44 | Investigar | Husbandry |
| 27:48 | Crear | Villager (Male) |
| 27:54 | Construir | Farm |
| 27:54 | Construir | Farm |
| 28:05 | Crear | Arambai |
| 28:10 | Crear | Villager (Male) |
| 28:10 | Crear | Villager (Male) |
| 28:11 | Crear | Villager (Male) |
Cronología de la partida
| 0:55 | 安时间 · wall_segment Palisade Wall x1 |
| 2:49 | [JA]Xerxes.GRA · wall_segment Palisade Wall x1 |
| 2:56 | [JA]Xerxes.GRA · wall_segment Palisade Wall x1 |
| 3:05 | [JA] Salytmacska · wall_segment Palisade Wall x1 |
| 3:05 | [JA]Xerxes.GRA · wall_segment Palisade Wall x1 |
| 3:23 | [JA] Salytmacska · wall_segment Palisade Wall x1 |
| 5:42 | [JA]GyoreE · wall_segment Palisade Wall x8 |
| 5:58 | Glokken · wall_segment Palisade Wall x1 |
| 6:05 | Glokken · wall_segment Palisade Wall x1 |
| 7:45 | [JA]GyoreE · wall_segment Palisade Wall x10 |
| 8:10 | [JA]GyoreE · wall_segment Palisade Wall x6 |
| 9:34 | 封念云 · wall_segment Palisade Wall x4 |
| 9:41 | Glokken · wall_segment Palisade Wall x1 |
| 9:52 | [JA] Salytmacska · first_building Dock |
| 10:12 | 安时间 · first_building Barracks |
| 10:47 | [JA] Salytmacska · wall_segment Palisade Wall x1 |
| 11:31 | [JA]adaaaam · wall_segment Palisade Wall x1 |
| 11:33 | [JA]adaaaam · wall_segment Palisade Wall x1 |
| 11:59 | 封念云 · first_building Barracks |
| 12:01 | [JA]GyoreE · first_building Barracks |
| 12:18 | Suricata Tactica · first_building Barracks |
| 12:26 | [JA]Xerxes.GRA · age_up feudal |
| 12:54 | [JA]Xerxes.GRA · wall_segment Palisade Wall x1 |
| 13:05 | Glokken · age_up feudal |
| 13:15 | [JA]adaaaam · wall_segment Palisade Wall x9 |
| 13:34 | [JA]Xerxes.GRA · wall_segment Palisade Wall x1 |
| 13:35 | 安时间 · age_up feudal |
| 13:35 | [JA]Xerxes.GRA · wall_segment Palisade Wall x1 |
| 13:38 | [JA]Xerxes.GRA · wall_segment Palisade Wall x2 |
| 13:38 | 安时间 · first_building Archery Range |
| 13:39 | 封念云 · age_up feudal |
| 13:42 | Glokken · wall_segment Palisade Wall x1 |
| 13:44 | Glokken · wall_segment Palisade Wall x1 |
| 13:45 | Suricata Tactica · age_up feudal |
| 13:46 | Suricata Tactica · first_building Stable |
| 13:53 | [JA] Salytmacska · age_up feudal |
| 14:03 | Glokken · wall_segment Palisade Wall x3 |
| 14:05 | Glokken · wall_segment Palisade Wall x9 |
| 14:19 | [JA]adaaaam · age_up feudal |
| 14:23 | [JA]GyoreE · age_up feudal |
| 14:24 | [JA]GyoreE · first_building Stable |
| 14:33 | Glokken · wall_segment Palisade Wall x1 |
| 14:46 | [JA]GyoreE · wall_segment Palisade Wall x4 |
| 14:52 | [JA]GyoreE · wall_segment Palisade Wall x2 |
| 15:47 | Glokken · wall_segment Palisade Wall x1 |
| 15:56 | [JA]Xerxes.GRA · age_up castle |
| 16:35 | Glokken · age_up castle |
| 16:59 | [JA]GyoreE · wall_segment Palisade Wall x1 |
| 17:02 | [JA]GyoreE · wall_segment Palisade Wall x1 |
| 17:09 | 安时间 · age_up castle |
| 17:11 | [JA]GyoreE · wall_segment Palisade Wall x1 |
| 17:16 | [JA]GyoreE · wall_segment Palisade Wall x1 |
| 17:26 | [JA] Salytmacska · age_up castle |
| 17:43 | 封念云 · age_up castle |
| 17:48 | 封念云 · first_building Siege Workshop |
| 17:50 | [JA]adaaaam · age_up castle |
| 17:52 | [JA]GyoreE · wall_segment Palisade Wall x3 |
| 18:00 | [JA]adaaaam · first_building Castle |
| 18:20 | [JA]GyoreE · age_up castle |
| 18:52 | [JA] Salytmacska · first_market_buy 100 wood |
| 19:19 | 封念云 · first_building Monastery |
| 19:43 | Glokken · first_market_buy 100 stone |
| 19:43 | [JA] Salytmacska · first_building Castle |
| 19:48 | [JA]Xerxes.GRA · first_market_sell 100 wood |
| 19:48 | [JA]Xerxes.GRA · first_market_buy 100 stone |
| 20:33 | [JA]GyoreE · first_building Castle |
| 20:43 | Suricata Tactica · wall_segment Palisade Wall x4 |
| 20:44 | [JA]adaaaam · first_market_buy 100 food |
| 20:46 | Suricata Tactica · wall_segment Palisade Wall x1 |
| 20:46 | Suricata Tactica · wall_segment Palisade Wall x1 |
| 20:47 | Suricata Tactica · wall_segment Palisade Wall x1 |
| 20:48 | Suricata Tactica · wall_segment Palisade Wall x1 |
| 20:55 | Suricata Tactica · wall_segment Palisade Wall x1 |
| 20:57 | [JA]adaaaam · first_market_sell 100 stone |
| 20:58 | Suricata Tactica · wall_segment Palisade Wall x1 |
| 20:59 | Suricata Tactica · wall_segment Palisade Wall x1 |
| 21:36 | [JA] Salytmacska · first_market_sell 100 wood |
| 21:55 | [JA]Xerxes.GRA · first_building Siege Workshop |
| 21:56 | Glokken · first_building Monastery |
| 22:08 | Glokken · wall_segment Palisade Wall x1 |
| 23:05 | Suricata Tactica · age_up castle |
| 23:54 | Suricata Tactica · first_building Siege Workshop |
| 23:59 | Suricata Tactica · first_market_buy 100 food |
| 24:18 | Suricata Tactica · first_building Archery Range |
| 24:38 | 封念云 · wall_segment Stone Wall x11 |
| 24:43 | 安时间 · first_building Stable |
| 25:11 | Glokken · wall_segment Palisade Wall x8 |
| 25:13 | Glokken · wall_segment Palisade Wall x5 |
| 25:15 | Glokken · wall_segment Palisade Wall x8 |
| 25:37 | [JA]adaaaam · first_building Barracks |
| 25:52 | Glokken · first_building Castle |
| 25:56 | [JA]adaaaam · wall_segment Palisade Wall x1 |
| 26:24 | 封念云 · first_market_buy 100 stone |
| 26:34 | [JA]adaaaam · first_building Stable |
| 27:01 | 封念云 · first_market_sell 500 wood |
| 27:21 | 封念云 · first_building Castle |
| 27:34 | [JA] Salytmacska · first_building Monastery |
| 27:34 | Suricata Tactica · first_market_sell 100 wood |
| 27:34 | [JA]adaaaam · first_building Monastery |
| 28:15 | [JA]Xerxes.GRA · first_building Barracks |
| 28:23 | Glokken · first_building Barracks |
| 28:43 | Glokken · wall_segment Stone Wall x1 |
| 29:15 | [JA]Xerxes.GRA · first_building Castle |
| 29:23 | [JA]Xerxes.GRA · first_building Stable |
| 29:38 | 安时间 · first_building Siege Workshop |
| 29:57 | [JA] Salytmacska · wall_segment Stone Wall x14 |
| 30:13 | [JA] Salytmacska · first_building Barracks |
| 30:44 | Glokken · age_up imperial |
| 30:51 | [JA] Salytmacska · wall_segment Stone Wall x1 |
| 30:52 | Glokken · first_building Archery Range |
| 31:14 | [JA] Salytmacska · wall_segment Stone Wall x1 |
| 31:16 | [JA] Salytmacska · wall_segment Stone Wall x1 |
| 31:19 | [JA] Salytmacska · wall_segment Stone Wall x1 |
| 31:22 | [JA] Salytmacska · wall_segment Stone Wall x1 |
| 31:49 | [JA] Salytmacska · first_building Siege Workshop |
| 32:03 | [JA] Salytmacska · wall_segment Stone Wall x8 |
| 32:10 | [JA] Salytmacska · age_up imperial |
| 33:14 | [JA]Xerxes.GRA · age_up imperial |
| 33:16 | [JA]Xerxes.GRA · wall_segment Palisade Wall x1 |
| 33:18 | [JA]Xerxes.GRA · wall_segment Palisade Wall x1 |
| 33:23 | [JA] Salytmacska · wall_segment Stone Wall x14 |
| 33:41 | Suricata Tactica · first_building Monastery |
| 34:01 | [JA]adaaaam · first_building Siege Workshop |
| 34:07 | 安时间 · wall_segment Stone Wall x15 |
| 34:10 | 安时间 · wall_segment Stone Wall x20 |
| 34:23 | Glokken · first_building Siege Workshop |
| 34:27 | [JA] Salytmacska · wall_segment Stone Wall x1 |
| 34:28 | [JA] Salytmacska · wall_segment Stone Wall x1 |
| 34:35 | Suricata Tactica · first_building Castle |
| 35:03 | [JA]Xerxes.GRA · first_building Archery Range |
| 36:22 | [JA]adaaaam · age_up imperial |
| 36:45 | 封念云 · age_up imperial |
| 37:32 | Suricata Tactica · age_up imperial |
| 38:02 | Glokken · tribute_sent a jugador 1 |
| 38:02 | Glokken · tribute_sent a jugador 2 |
| 38:02 | Glokken · tribute_sent a jugador 4 |
| 38:02 | Glokken · tribute_sent a jugador 5 |
| 38:02 | Glokken · tribute_sent a jugador 6 |
| 38:02 | Glokken · tribute_sent a jugador 7 |
| 38:02 | Glokken · tribute_sent a jugador 8 |
| 38:38 | 安时间 · wall_segment Palisade Wall x1 |
| 40:26 | 安时间 · age_up imperial |
| 40:26 | Glokken · first_building Stable |
| 40:42 | [JA] Salytmacska · wall_segment Stone Wall x15 |
| 40:42 | [JA]GyoreE · wall_segment Stone Wall x1 |
| 40:45 | [JA]GyoreE · wall_segment Stone Wall x1 |
| 40:46 | [JA] Salytmacska · wall_segment Stone Wall x10 |
| 40:56 | Glokken · tribute_sent a jugador 1 |
| 40:56 | Glokken · tribute_sent a jugador 2 |
| 40:56 | Glokken · tribute_sent a jugador 4 |
| 40:56 | Glokken · tribute_sent a jugador 5 |
| 40:56 | Glokken · tribute_sent a jugador 6 |
| 40:56 | Glokken · tribute_sent a jugador 7 |
| 40:56 | Glokken · tribute_sent a jugador 8 |
| 40:58 | [JA]GyoreE · wall_segment Stone Wall x1 |
| 41:52 | Glokken · tribute_sent a jugador 1 |
| 41:52 | Glokken · tribute_sent a jugador 2 |
| 41:52 | Glokken · tribute_sent a jugador 4 |
| 41:52 | Glokken · tribute_sent a jugador 5 |
| 41:52 | Glokken · tribute_sent a jugador 6 |
| 41:52 | Glokken · tribute_sent a jugador 7 |
| 41:52 | Glokken · tribute_sent a jugador 8 |
| 42:08 | Glokken · wall_segment Stone Wall x9 |
| 42:09 | Glokken · wall_segment Stone Wall x5 |
| 42:14 | Suricata Tactica · wall_segment Stone Wall x1 |
| 42:16 | Glokken · wall_segment Stone Wall x1 |
| 42:36 | [JA] Salytmacska · wall_segment Stone Wall x1 |
| 42:59 | [JA] Salytmacska · wall_segment Stone Wall x1 |
| 43:00 | [JA] Salytmacska · wall_segment Stone Wall x1 |
| 44:42 | [JA]GyoreE · first_market_buy 100 wood |
| 44:59 | Glokken · wall_segment Stone Wall x1 |
| 45:34 | [JA]Xerxes.GRA · tribute_sent a jugador 1 |
| 45:34 | [JA]Xerxes.GRA · tribute_sent a jugador 2 |
| 45:34 | [JA]Xerxes.GRA · tribute_sent a jugador 3 |
| 45:34 | [JA]Xerxes.GRA · tribute_sent a jugador 4 |
| 45:34 | [JA]Xerxes.GRA · tribute_sent a jugador 5 |
| 45:34 | [JA]Xerxes.GRA · tribute_sent a jugador 7 |
| 45:34 | [JA]Xerxes.GRA · tribute_sent a jugador 8 |
| 45:40 | [JA]Xerxes.GRA · tribute_sent a jugador 1 |
| 45:40 | [JA]Xerxes.GRA · tribute_sent a jugador 2 |
| 45:40 | [JA]Xerxes.GRA · tribute_sent a jugador 3 |
| 45:40 | [JA]Xerxes.GRA · tribute_sent a jugador 4 |
| 45:40 | [JA]Xerxes.GRA · tribute_sent a jugador 5 |
| 45:40 | [JA]Xerxes.GRA · tribute_sent a jugador 7 |
| 45:40 | [JA]Xerxes.GRA · tribute_sent a jugador 8 |
| 45:49 | [JA]Xerxes.GRA · tribute_sent a jugador 1 |
| 45:49 | [JA]Xerxes.GRA · tribute_sent a jugador 2 |
| 45:49 | [JA]Xerxes.GRA · tribute_sent a jugador 3 |
| 45:49 | [JA]Xerxes.GRA · tribute_sent a jugador 4 |
| 45:49 | [JA]Xerxes.GRA · tribute_sent a jugador 5 |
| 45:49 | [JA]Xerxes.GRA · tribute_sent a jugador 7 |
| 45:49 | [JA]Xerxes.GRA · tribute_sent a jugador 8 |
| 45:55 | [JA]Xerxes.GRA · tribute_sent a jugador 1 |
| 45:55 | [JA]Xerxes.GRA · tribute_sent a jugador 2 |
| 45:55 | [JA]Xerxes.GRA · tribute_sent a jugador 3 |
| 45:55 | [JA]Xerxes.GRA · tribute_sent a jugador 4 |
| 45:55 | [JA]Xerxes.GRA · tribute_sent a jugador 5 |
| 45:55 | [JA]Xerxes.GRA · tribute_sent a jugador 7 |
| 45:55 | [JA]Xerxes.GRA · tribute_sent a jugador 8 |
| 46:02 | Glokken · first_market_sell 100 wood |
| 46:14 | [JA]Xerxes.GRA · tribute_sent a jugador 1 |
| 46:14 | [JA]Xerxes.GRA · tribute_sent a jugador 2 |
| 46:14 | [JA]Xerxes.GRA · tribute_sent a jugador 3 |
| 46:14 | [JA]Xerxes.GRA · tribute_sent a jugador 4 |
| 46:14 | [JA]Xerxes.GRA · tribute_sent a jugador 5 |
| 46:14 | [JA]Xerxes.GRA · tribute_sent a jugador 7 |
| 46:14 | [JA]Xerxes.GRA · tribute_sent a jugador 8 |
| 46:24 | [JA]GyoreE · first_building Monastery |
| 46:25 | [JA] Salytmacska · wall_segment Stone Wall x1 |
| 46:27 | [JA] Salytmacska · wall_segment Stone Wall x1 |
| 46:42 | [JA]Xerxes.GRA · wall_segment Stone Wall x1 |
| 47:26 | Glokken · tribute_sent a jugador 1 |
| 47:26 | Glokken · tribute_sent a jugador 2 |
| 47:26 | Glokken · tribute_sent a jugador 4 |
| 47:26 | Glokken · tribute_sent a jugador 5 |
| 47:26 | Glokken · tribute_sent a jugador 6 |
| 47:26 | Glokken · tribute_sent a jugador 7 |
| 47:26 | Glokken · tribute_sent a jugador 8 |
| 48:57 | Glokken · wall_segment Stone Wall x1 |
| 49:11 | [JA] Salytmacska · wall_segment Stone Wall x22 |
| 49:44 | [JA]Xerxes.GRA · tribute_sent a jugador 1 |
| 49:44 | [JA]Xerxes.GRA · tribute_sent a jugador 2 |
| 49:44 | [JA]Xerxes.GRA · tribute_sent a jugador 3 |
| 49:44 | [JA]Xerxes.GRA · tribute_sent a jugador 4 |
| 49:44 | [JA]Xerxes.GRA · tribute_sent a jugador 5 |
| 49:44 | [JA]Xerxes.GRA · tribute_sent a jugador 7 |
| 49:44 | [JA]Xerxes.GRA · tribute_sent a jugador 8 |
| 49:57 | [JA] Salytmacska · wall_segment Stone Wall x6 |
| 50:00 | [JA] Salytmacska · wall_segment Stone Wall x1 |
| 50:01 | [JA] Salytmacska · wall_segment Stone Wall x1 |
| 50:10 | [JA]GyoreE · age_up imperial |
| 50:36 | [JA]Xerxes.GRA · tribute_sent a jugador 1 |
| 50:36 | [JA]Xerxes.GRA · tribute_sent a jugador 2 |
| 50:36 | [JA]Xerxes.GRA · tribute_sent a jugador 3 |
| 50:36 | [JA]Xerxes.GRA · tribute_sent a jugador 4 |
| 50:36 | [JA]Xerxes.GRA · tribute_sent a jugador 5 |
| 50:36 | [JA]Xerxes.GRA · tribute_sent a jugador 7 |
| 50:36 | [JA]Xerxes.GRA · tribute_sent a jugador 8 |
| 52:27 | Glokken · tribute_sent a jugador 1 |
| 52:27 | Glokken · tribute_sent a jugador 2 |
| 52:27 | Glokken · tribute_sent a jugador 4 |
| 52:27 | Glokken · tribute_sent a jugador 5 |
| 52:27 | Glokken · tribute_sent a jugador 6 |
| 52:27 | Glokken · tribute_sent a jugador 7 |
| 52:27 | Glokken · tribute_sent a jugador 8 |
| 52:30 | Glokken · tribute_sent a jugador 1 |
| 52:30 | Glokken · tribute_sent a jugador 2 |
| 52:30 | Glokken · tribute_sent a jugador 4 |
| 52:30 | Glokken · tribute_sent a jugador 5 |
| 52:30 | Glokken · tribute_sent a jugador 6 |
| 52:30 | Glokken · tribute_sent a jugador 7 |
| 52:30 | Glokken · tribute_sent a jugador 8 |
| 52:43 | 安时间 · first_building Castle |
| 54:27 | [JA]Xerxes.GRA · tribute_sent a jugador 1 |
| 54:27 | [JA]Xerxes.GRA · tribute_sent a jugador 2 |
| 54:27 | [JA]Xerxes.GRA · tribute_sent a jugador 3 |
| 54:27 | [JA]Xerxes.GRA · tribute_sent a jugador 4 |
| 54:27 | [JA]Xerxes.GRA · tribute_sent a jugador 5 |
| 54:27 | [JA]Xerxes.GRA · tribute_sent a jugador 7 |
| 54:27 | [JA]Xerxes.GRA · tribute_sent a jugador 8 |
| 56:35 | Glokken · tribute_sent a jugador 1 |
| 56:35 | Glokken · tribute_sent a jugador 2 |
| 56:35 | Glokken · tribute_sent a jugador 4 |
| 56:35 | Glokken · tribute_sent a jugador 5 |
| 56:35 | Glokken · tribute_sent a jugador 6 |
| 56:35 | Glokken · tribute_sent a jugador 7 |
| 56:35 | Glokken · tribute_sent a jugador 8 |
| 57:45 | [JA]Xerxes.GRA · wall_segment Stone Wall x6 |
| 57:46 | [JA]Xerxes.GRA · wall_segment Stone Wall x3 |
| 58:35 | [JA]GyoreE · first_market_sell 100 wood |
| 59:17 | [JA]Xerxes.GRA · tribute_sent a jugador 1 |
| 59:17 | [JA]Xerxes.GRA · tribute_sent a jugador 2 |
| 59:17 | [JA]Xerxes.GRA · tribute_sent a jugador 3 |
| 59:17 | [JA]Xerxes.GRA · tribute_sent a jugador 4 |
| 59:17 | [JA]Xerxes.GRA · tribute_sent a jugador 5 |
| 59:17 | [JA]Xerxes.GRA · tribute_sent a jugador 7 |
| 59:17 | [JA]Xerxes.GRA · tribute_sent a jugador 8 |
| 60:33 | [JA] Salytmacska · wall_segment Palisade Wall x1 |
| 61:23 | [JA]adaaaam · resign |
[ ANÁLISIS IA · 1 CRÉDITO ]
¿Qué pasó realmente en esta partida?
Wolo.gg analiza cada decisión: build order, eco, micro, errores típicos por bracket. Análisis personalizado por WhatsApp o Discord en 30 segundos.
Guía civ
Italianos
Perfil
Jugador #736813